 Dungeon Crawl Stone Soup version 0.27-a0-1296-g8ece459b43 (webtiles) character file.

Game seed: 7241302190496330508

3539 Delamore the Spear-Bearer (level 10, -14/74 HPs)
             Began as a Formicid Fighter on June 16, 2021.
             Was an Initiate of Gozag.
             Killed from afar by a deep elf pyromancer (38 damage)
             ... with a bolt of fire
             ... summoned by the darkness of Dithmenos
             ... on level 8 of the Dungeon.
             The game lasted 00:08:32 (6472 turns).

Delamore the Spear-Bearer (Formicid Fighter)        Turns: 6472, Time: 00:08:33

Health: -14/74     AC: 10    Str: 24    XL:     10   Next: 29%
Magic:  19/19      EV:  8    Int:  8    God:    Gozag
Gold:   443        SH: 25    Dex: 13    Spells: 9/9 levels left

rFire    . . .     SeeInvis +   e - +3 spear (vamp)
rCold    . . .     Faith    .   l - +2 tower shield
rNeg     . . .     Spirit   .   b - +0 scale mail
rPois    .         Reflect  +   (helmet unavailable)
rElec    .         Harm     .   o - +0 cloak
rCorr    +         Rampage  .   I - +0 pair of fencer's gloves {Riposte Dex+3}
Will     +....                  q - +0 pair of boots
Stlth    +.........             t - amulet "Minos" {Reflect rCorr SH+5 Stlth+}
HPRegen  0.22/turn              z - ring of magical power
MPRegen  0.16/turn              (no ring)

@: no status effects
A: permanent stasis, dig shafts and tunnels, antennae 3, four strong arms
a: Dig, Shaft Self, Renounce Religion, Potion Petition, Call Merchant, Bribe
Branch


You were on level 8 of the Dungeon.
You worshipped Gozag.
Gozag was aware of your devotion.
You visited 1 branch of the dungeon, and saw 8 of its levels.
You also visited: Sewer.

You collected 1427 gold pieces.
You spent 480 gold pieces at shops.
You paid 504 gold pieces to Gozag.

Inventory:

Hand Weapons
 a - a +0 trident
 e - a +3 vampiric spear (weapon)
 H - a +5 halberd
Missiles
 y - 29 poisoned darts (quivered)
 A - 6 boomerangs
Armour
 b - a +0 scale mail (worn)
 l - a +2 tower shield (worn)
 o - a +0 cloak (worn)
 q - a +0 pair of boots (worn)
 I - the +0 pair of fencer's gloves (worn) {Riposte Dex+3}
   (You bought it in a shop on level 8 of the Dungeon)

   It affects your dexterity (+3).
Jewellery
 t - the amulet "Minos" (around neck) {Reflect rCorr SH+5 Stlth+}
   (You found it on level 5 of the Dungeon)

   [amulet of reflection]

   It reflects blocked missile attacks.
   It protects you from acid and corrosion.
   It affects your SH (+5).
   It makes you more stealthy.
 z - a ring of magical power (left hand)
 E - an amulet of the acrobat
Wands
 x - a wand of iceblast (5)
 B - a wand of paralysis (8)
 F - a wand of charming (10)
Scrolls
 j - 5 scrolls of teleportation
 s - a scroll of fear
 G - a scroll of identify
Potions
 d - 2 potions of might
 g - 2 potions of berserk rage {unknown}
 h - a potion of cancellation {unknown}
 i - 3 potions of mutation {unknown}
 k - 2 potions of magic
 m - 2 potions of degeneration {unknown}
 n - a potion of resistance {unknown}
 p - 11 potions of curing
 r - a potion of lignification {unknown}
 u - a potion of haste {unknown}
 v - 2 potions of attraction
 w - a potion of flight {unknown}
 C - 3 potions of heal wounds {unknown}
 D - 2 potions of brilliance


   Skills:
 - Level 5.0 Fighting
 * Level 11.4 Polearms
 - Level 3.2 Armour
 + Level 9.7 Shields


You had 9 spell levels left.
You didn't know any spells.
Your spell library was empty.

Dungeon Overview and Level Annotations

Branches:
Dungeon (8/15)             Temple (0/1) D:4           Sewer (visited)
   Lair: D:8-11

Altars:
Ashenzari
Dithmenos
Fedhas
Gozag
Nemelex Xobeh
Yredelemnul
The Shining One

Shops:
D:8 [

Annotations:
D:7 2 transporters


Innate Abilities, Weirdness & Mutations

You cannot be hasted, slowed, berserked, paralysed or teleported.
You can dig through walls and to a lower floor.
You have a pair of large antennae on your head. (SInv)
Your four strong arms can wield two-handed weapons with a shield.


Message History

The ogre mage casts a spell at you. The bolt of magma hits you!
You dig through the rock wall.
You dig through the rock wall.
You dig through the rock wall.
You dig through the rock wall.
You dig through the rock wall.
The ogre mage points at you and mumbles some strange words.
The bolt of magma misses you.
You dig through the rock wall.
You dig through the rock wall.
You dig through the rock wall.
You dig through the rock wall.
You dig through the rock wall.
You dig through the rock wall.
The ogre mage casts a spell.
The ogre mage flickers and vanishes for a moment.
You dig through the rock wall.
You dig through the rock wall.
You dig through the rock wall.
You dig through the rock wall.
You dig through the rock wall.
You dig through the rock wall.
The deep elf pyromancer mumbles some strange words.
The deep elf pyromancer blinks!
You retract your mandibles.
You block the deep elf pyromancer's attack.
The deep elf pyromancer points at you and mumbles some strange words.
The bolt of fire hits you!
An orc wizard comes into view. It is wielding a +0 dagger.
The orc wizard shouts!
You hear a shout!
You block the deep elf pyromancer's attack.
The deep elf pyromancer casts a spell at you.
The bolt of fire hits the ogre mage!!
The bolt of fire hits you!
An orc comes into view.
It is wielding a +0 whip of venom and carrying a wand of acid (10).
The deep elf pyromancer gestures at you while chanting.
The bolt of fire hits the ogre mage!!
The bolt of fire hits you!!!
Ouch! That really hurt!
You die...
Your body crumbles into a pile of gold.

## #.....## ...##..o...####
............... $
...........######### .#
....##.....##.......#..###
.... #...o.##.......#....+..
.... #.....##.......#....#..
....##.....#.########...[#..
..........@.....##....# #..
..........O.....##....###..
...........................
........e.................
..##.....#................
###O###....###..####... $
##.## #....###..####...
####O## #.....#....#.....
##.#.## #.....#....#.....


You could see 2 two-headed ogres, an ogre mage (summoned, invisible), a deep elf
pyromancer (summoned), an orc wizard and an orc.

Vanquished Creatures
  Sigmund (D:2)
  3 shadows
  A steam dragon (D:7)
  5 yaks (D:8)
  A water moccasin (D:6)
  A hornet zombie (D:7)
  An orc warrior (D:8)
  A sky beast (D:5)
  2 black bears (D:6)
  2 ogres (D:7)
  A centaur (D:4)
  A kobold brigand (Sewer)
  A bullfrog (D:6)
  5 scorpions
  A water moccasin skeleton (D:6)
  5 killer bees (D:8)
  5 wights (D:7)
  Crazy Yiuf (D:2)
  A bullfrog skeleton (D:5)
  2 hounds
  2 orc priests (D:6)
  A centaur skeleton (D:6)
  3 iguanas
  A scorpion zombie (D:3)
  A hound skeleton (D:5)
  3 adders
  4 gnolls (D:4)
  17 river rats
  2 white imps (D:6)
  An ufetubus (D:6)
  An adder skeleton (D:4)
  A dart slug (D:4)
  10 orcs
  6 bats
  6 endoplasms
  7 giant cockroaches
  4 goblins
  3 hobgoblins
  22 kobolds
  A quokka (D:1)
  11 ball pythons
  5 frilled lizards
  39 rats
192 creatures vanquished.

Vanquished Creatures (collateral kills)
  A shadow (D:5)
  An iguana (D:5)
2 creatures vanquished.

Vanquished Creatures (others)
  5 plants
5 creatures vanquished.

Grand Total: 199 creatures vanquished

Notes
Turn   | Place    | Note
-------+----------+-------------------------------------------
     0 | D:1      | Delamore the Formicid Fighter began the quest for the Orb.
     0 | D:1      | Reached XP level 1. HP: 18/18 MP: 1/1
    23 | D:1      | Found a faded altar of an unknown god.
    44 | D:1      | Became a worshipper of Dithmenos the Shadowed
    44 | D:1      | Reached * piety under Dithmenos
   132 | D:1      | Reached XP level 2. HP: 24/24 MP: 2/2
   217 | D:1      | You fall into a shaft and drop 1 floor!
   259 | D:2      | Reached XP level 3. HP: 29/29 MP: 3/3
   269 | D:2      | Reached skill level 3 in Polearms
   364 | D:1      | Reached ** piety under Dithmenos
   765 | D:2      | Noticed Sigmund
   783 | D:2      | Killed Sigmund
   784 | D:2      | Reached skill level 4 in Polearms
   784 | D:2      | Reached XP level 4. HP: 19/38 MP: 4/4
   784 | D:2      | Reached XP level 5. HP: 21/43 MP: 5/5
   999 | D:2      | Reached XP level 6. HP: 49/49 MP: 6/6
  1134 | D:2      | Found a runed translucent door.
  1135 | D:2      | Noticed Crazy Yiuf
  1175 | D:2      | Found a broken altar of Ashenzari.
  1267 | D:2      | Killed Crazy Yiuf
  1268 | D:2      | Reached skill level 5 in Polearms
  1873 | D:3      | Found a glowing golden altar of the Shining One.
  2373 | D:4      | Found an opulent altar of Gozag.
  2409 | D:4      | Found a staircase to the Ecumenical Temple.
  2425 | D:4      | Fell from the grace of Dithmenos
  2425 | D:4      | Became a worshipper of Gozag Ym Sagoz the Greedy
  2691 | D:4      | Reached skill level 5 in Fighting
  2749 | D:4      | Noticed a wraith
  2749 | D:4      | Noticed a shadow
  2766 | D:5      | Entered Level 5 of the Dungeon
  2766 | D:5      | Found a blossoming altar of Fedhas.
  2767 | D:5      | Noticed a sky beast
  2794 | D:5      | Killed a sky beast
  2795 | D:5      | Reached XP level 7. HP: 27/56 MP: 7/7
  2819 | D:5      | Reached skill level 6 in Polearms
  3051 | D:5      | Identified the amulet "Minos" {Reflect rCorr SH+5 Stlth+}
  3086 | D:5      | Reached skill level 5 in Shields
  3233 | D:5      | Noticed a shadow
  3233 | D:5      | Noticed a shadow
  3233 | D:5      | Noticed a shadow
  3672 | D:5      | Killed a shadow
  3687 | D:5      | Killed a shadow
  3727 | D:5      | Reached XP level 8. HP: 62/62 MP: 8/8
  3758 | D:5      | Killed a shadow
  3948 | D:5      | Reached skill level 7 in Polearms
  4057 | D:5      | Noticed a shadow
  4057 | D:5      | Noticed a shadow demon
  4057 | D:5      | Noticed a shadow demon
  4076 | D:5      | Found a basalt altar of Yredelemnul.
  4318 | D:6      | Reached skill level 8 in Polearms
  4372 | D:6      | Found a glowing drain.
  4429 | Sewer    | Entered a sewer
  4573 | Sewer    | Reached XP level 9. HP: 68/68 MP: 9/9
  4970 | D:6      | Reached skill level 9 in Polearms
  5228 | D:6      | Noticed a tengu conjurer
  5420 | D:6      | Noticed a shadow demon
  5529 | D:7      | Found a transporter.
  5603 | D:7      | Found a sparkling altar of Nemelex Xobeh.
  5613 | D:7      | Noticed a kobold demonologist
  5616 | D:7      | Found a transporter.
  5857 | D:7      | Reached skill level 10 in Polearms
  6032 | D:7      | Noticed a shadow demon
  6032 | D:7      | Noticed a shadow demon
  6099 | D:8      | Bought the +0 pair of fencer's gloves {Riposte Dex+3} for
                  | 480 gold pieces
  6099 | D:8      | Found the +0 pair of fencer's gloves {Riposte Dex+3}
  6291 | D:8      | Reached XP level 10. HP: 74/74 MP: 10/10
  6373 | D:8      | Reached skill level 11 in Polearms
  6444 | D:8      | Noticed an ogre mage
  6444 | D:8      | Noticed a two-headed ogre
  6444 | D:8      | Noticed a two-headed ogre
  6444 | D:8      | Noticed a two-headed ogre
  6444 | D:8      | Noticed a two-headed ogre
  6444 | D:8      | Noticed a boulder beetle
  6444 | D:8      | Noticed a deep elf pyromancer
  6472 | D:8      | Killed from afar by a deep elf pyromancer

Illustrated notes

Levels and vault maps discovered:
D:1:      roderic_crop_circles_arrival_small, layout_loops_ring,
          ebering_ecumenical_altar_rust
D:2:      layout_rooms, basic_altar, uniq_crazy_yiuf_cottage, uniq_sigmund
D:3:      layout_basic, tso_oasis_becter
D:4:      minmay_spotlight, layout_basic, grunt_gozag_statues,
          minmay_temple_entry_from_below_a
D:5:      layout_cave_pools, jmf_multi_god_temple2, amcnicky_altar_gilded,
          lemuel_coloured_pillars_altar
D:6:      layout_rooms, portal_sewer_entry_c, serial_bayou_pond_a
D:7:      gammafunk_wand_slinger, layout_basic, nemelex_diamond_rough_becter,
          nicolae_sextant, item_on_display_a
D:8:      minmay_blocky_corners, layout_gridville, dk_rats_in_the_wall

Skill      XL: |  1  2  3  4  5  6  7  8  9 10 |
---------------+-------------------------------+-----
Polearms       | 4 5 6 8 10 11 | 11.4
Fighting       | 4 5 |  5.0
Shields        | 4 5 7 8 9 |  9.7
Armour         | |  3.2

Action                   |  1- 3 |  4- 6 |  7- 9 | 10-12 || total
-------------------------+-------+-------+-------+-------++-------
Melee: Trident           |    15 |       |       |       ||    15
       Spear             |    79 |   131 |   662 |    78 ||   950
Throw: Dart              |       |       |     4 |       ||     4
Invok: Call Merchant     |       |       |     1 |       ||     1
 Abil: Dig               |       |     4 |    21 |     5 ||    30
  Use: Scroll            |       |     6 |     5 |       ||    11
 Stab: Distracted        |       |       |     5 |       ||     5
Armor: Scale mail        |    26 |    30 |   104 |     2 ||   162
Dodge: Dodged            |    25 |    13 |    52 |     5 ||    95
Block: Kite shield       |    31 |     2 |       |       ||    33
       Tower shield      |       |   103 |   567 |    56 ||   726
       Reflection        |       |       |     7 |       ||     7
       Rpst.: Spear      |       |       |     2 |     3 ||     5

Table legend: (Time is in decaauts)
 A = Elapsed time spent in this place.
 B = Non-inter-level travel time spent in this place.
 C = Inter-level travel time spent in this place.
 D = Time resting spent in this place.
 E = Time spent auto-exploring this place.
 F = Levels seen in this place.
 G = Mean time per level.
                   A        B        C        D        E       F      G
               +--------+--------+--------+--------+--------+-----+--------+
         Total |   6481 |   6345 |    136 |    841 |   3654 |   9 |  720.1 |
       Dungeon |   5986 |   5850 |    136 |    841 |   3374 |   8 |  748.2 |
         Sewer |    495 |    495 |      0 |      0 |    280 |   1 |  495.0 |
               +--------+--------+--------+--------+--------+-----+--------+

Top non-repeatable levels by time:
     D:4: 1076 daAuts
     D:5: 930 daAuts
     D:2: 881 daAuts
     D:6: 865 daAuts
     D:1: 697 daAuts
     D:7: 580 daAuts
     D:3: 566 daAuts
   Sewer: 495 daAuts
     D:8: 386 daAuts
